 Dungeon Crawl Stone Soup version 0.31.0-9-g3a7656b989 (console) character file.

Game seed: 1018630104058695997

219 AlterAsc the Chopper (level 6, -1/47 HPs)
             Began as a Formicid Fighter on Jan 27, 2024.
             Was a Follower of Okawaru.
             Succumbed to a gnoll sergeant's poison
             ... on level 3 of the Dungeon.
             The game lasted 00:04:29 (2394 turns).

AlterAsc the Chopper (Formicid Fighter)             Turns: 2394, Time: 00:04:29

Health: -1/47      AC:  6    Str: 23    XL:     6   Next: 17%
Magic:  7/7        EV: 14    Int:  7    God:    Okawaru [*.....]
Gold:   158        SH:  5    Dex: 13    Spells: 5/5 levels left

rFire   . . .        a - +0 war axe
rCold   . . .        c - +0 buckler
rNeg    . . .        b - +0 scale mail
rPois   .            (helmet unavailable)
rElec   .            (no cloak)
rCorr   .            (no gloves)
SInv    +            (no boots)
Will    .....        (no amulet) Stlth
                     l - +5 ring of evasion
HPRegen 0.27/turn    (no ring)
MPRegen 0.10/turn

%: no passive effects
@: lethally poisoned (-1 -> -32)
A: permanent stasis, dig shafts and tunnels, antennae 3, four strong arms
a: Dig, Shaft Self, Renounce Religion, Heroism


You were on level 3 of the Dungeon.
You worshipped Okawaru.
Okawaru was aware of your devotion.
You visited 1 branch of the dungeon, and saw 4 of its levels.

You collected 158 gold pieces.

Inventory:

Hand Weapons
 a - a +0 war axe (weapon)
 q - a +0 spear
Missiles
 d - a boomerang
Armour
 b - a +0 scale mail (worn)
 c - a +0 buckler (worn)
Jewellery
 l - a +5 ring of evasion (left hand)
 o - an amulet of magic regeneration
Scrolls
 e - a scroll of vulnerability {unknown}
 f - 3 scrolls of fear {unknown}
 g - 2 scrolls of enchant armour {unknown}
 j - a scroll of blinking {unknown}
 m - 4 scrolls of identify {unknown}
 n - a scroll of fog {unknown}
 p - a scroll of teleportation {unknown}
Potions
 h - a potion of haste
 i - 2 potions of curing {unknown}
 k - a potion of brilliance {unknown}
 r - 2 potions of heal wounds {unknown}


   Skills:
 - Level 3.2 Fighting
 + Level 5.6 Axes
 - Level 3.2 Armour
 - Level 4.0 Shields
 - Level 2.0 Invocations


You had 5 spell levels left.
You didn't know any spells.
Your spell library contained the following spells:

 Spells                   Type           Power      Damage    Failure   Level
 Apportation              Tloc           0%         N/A       80%         1
 Necrotise                Necr           0%         1d4       80%         1
 Sandblast                Erth           0%         2d4       80%         1
 Sting                    Conj/Alch      0%         1d3       80%         1
 Lesser Beckoning         Tloc           0%         N/A       91%         2
 Momentum Strike          Conj/Tloc      0%         3d8       91%         2
 Sublimation of Blood     Necr           0%         N/A       91%         2
 Passwall                 Erth           0%         N/A       99%         3
 Stone Arrow              Conj/Erth      0%         3d7       99%         3
 Brom's Barrelling Bould  Conj/Erth      0%         2d3       100%        4
 Summon Small Mammal      Summ           Unusable   N/A       N/A         1
 Blink                    Tloc           Unusable   N/A       N/A         2
 Call Imp                 Summ           Unusable   N/A       N/A         2
 Summon Hydra             Summ           Unusable   N/A       N/A         7

Dungeon Overview and Level Annotations

Branches:
Dungeon (4/15)
 Temple: D:4-7

Altars:
Okawaru

Shops:
D:4 ?


Innate Abilities, Weirdness & Mutations

You cannot be hasted, slowed, berserked, paralysed or teleported.
You can dig through walls and to a lower floor.
You have a pair of large antennae on your head. (SInv)
Your four strong arms can wield two-handed weapons with a shield.


Message History

There is a stone staircase leading up here.
You climb upwards.
There is a stone staircase leading down here.
The gnoll sergeant shouts!
The gnoll sergeant barely misses you. The gnoll sergeant barely misses you.
There is a stone staircase leading down here.
You hit the gnoll sergeant but do no damage.
You block the gnoll sergeant's attack.
You hit the gnoll sergeant.
The gnoll sergeant is lightly wounded.
You block the gnoll sergeant's attack.
You hit the gnoll sergeant but do no damage.
The gnoll sergeant is lightly wounded.
The gnoll sergeant completely misses you.
The gnoll sergeant hits you with a +2 trident of venom!
You are poisoned.
You hit the gnoll sergeant but do no damage.
The gnoll sergeant is lightly wounded.
You feel very sick.
The gnoll sergeant hits you but does no damage.
You hit the gnoll sergeant.
The gnoll sergeant is moderately wounded.
You feel sick. The gnoll sergeant barely misses you.
You slash the gnoll sergeant!
The gnoll sergeant is severely wounded.
You feel sick.
The gnoll sergeant hits you with a +2 trident of venom.
You are more poisoned.
You barely miss the gnoll sergeant.
The gnoll sergeant is severely wounded.
You feel very sick.
The gnoll sergeant hits you with a +2 trident of venom.
* * * LOW HITPOINT WARNING * * *
You are more poisoned.
The gnoll sergeant hits you with a +2 trident of venom!
* * * LOW HITPOINT WARNING * * *
It was a potion of haste.
Your stasis prevents you from being hasted.
You die...

......#.).#..###...............##
####...##..#...................#
# #...........................# #
#......<..#.................##
####.##..............<.#...#.....
.....##.#..#...........###.......
####.#..##...##..................
.###...#..........##...###.......
.....#.....####.....>### #.......
...........####.)..### #.......
#...............@#.# #.......
....).....<..###g#.# #.......
#..........#..##.#.# ##....).
#..............#÷#.#########..)..
...........##.............##.)###
###.....P...............g...)....
# #....~~~~~~~≈~~~~~~≈~~~~....~≈~
#....≈≈≈≈≈~≈≈≈~≈~≈~≈≈≈≈~....~≈~
#....~≈#####~~~≈~~~≈~~~~....~~~
#....~≈#.o{#...................
#....~≈#..o#############''''###


You could see a gnoll sergeant.

Vanquished Creatures
  A gnoll bouda (D:3)
  9 gnolls
  3 adders
  A ribbon worm (D:2)
  A dart slug (D:2)
  8 orcs (D:3)
  7 ball pythons
  6 endoplasms
  A giant cockroach (D:3)
  3 goblins
  4 hobgoblins
  4 jackals (D:3)
  3 quokkas
  4 bats
  3 frilled lizards
  3 kobolds
  4 rats
65 creatures vanquished.

Notes
Turn   | Place    | Note
-------+----------+-------------------------------------------
     0 | D:1      | AlterAsc the Formicid Fighter began the quest for the Orb.
     0 | D:1      | Reached XP level 1. HP: 18/18 MP: 1/1
   433 | D:1      | Reached XP level 2. HP: 20/24 MP: 2/2
   486 | D:1      | Found a faded altar of an unknown god.
  1061 | D:2      | Reached skill level 3 in Axes
  1069 | D:2      | Found an iron altar of Okawaru.
  1079 | D:2      | Became a worshipper of Warmaster Okawaru
  1189 | D:2      | Reached XP level 3. HP: 27/29 MP: 3/3
  1589 | D:2      | Reached skill level 1 in Invocations
  1589 | D:2      | Reached XP level 4. HP: 35/35 MP: 4/4
  1591 | D:2      | Reached skill level 4 in Axes
  2001 | D:3      | Reached XP level 5. HP: 40/41 MP: 6/6
  2091 | D:3      | Reached * piety under Okawaru
  2092 | D:3      | Reached skill level 5 in Axes
  2107 | D:3      | Reached XP level 6. HP: 10/47 MP: 7/7
  2301 | D:4      | Found Risch's Magic Scroll Emporium.
  2354 | D:4      | Noticed an ogre
  2394 | D:3      | Succumbed to a gnoll sergeant's poison

Illustrated notes

Levels and vault maps discovered:
D:1:      psy_arrival_dodecagon, layout_loops_corners,
          hellmonk_ecumenical_altar_prayer_group
D:2:      layout_basic, basic_altar
D:3:      lemuel_castle_with_subvaults [lemuel_castle_interior_carwin_3],
          layout_rooms, nicolae_underground_beach
D:4:      layout_loops_ring, kennysheep_orc_sif_temple,
          minmay_misc_feat_encased, nicolae_stop_n_shop_2,
          kennysheep_big_empty_room, minmay_fire_ice_demons, uniq_pikel

Skill      XL: |  1  2  3  4  5 |
---------------+----------------+-----
Axes           | 3 4 5 |  5.6
Invocations    | 1 2 |  2.0
Fighting       | |  3.2
Armour         | |  3.2
Shields        | |  4.0

Action                     |  1- 3 |  4- 6 || total
---------------------------+-------+-------++-------
  Melee: War axe           |    73 |   103 ||   176
Ability: Dig               |       |     1 ||     1
    Use: Potion            |       |     2 ||     2
 Armour: Scale mail        |    35 |    43 ||    78
  Dodge: Dodged            |    45 |    70 ||   115
  Block: Buckler           |    22 |    23 ||    45
